Cogmind - Beta 16.1 @@@ ROGUE MODE // 2026.04.18 @ 10:00:59 Player: beans Result: Destroyed by G-47 Trooper with Particle Gun Performance ------------- Evolutions (1) 500 Regions Visited (6) 1200 Robots Destroyed (24) 120 Value Destroyed (505) 505 Prototype IDs (0) 0 Alien Tech Used (0) 0 Bonus (270) 270 TOTAL SCORE: 2595 Bonus ------- Pacifist 200 Follower Combat Kills 70 Cogmind --------- Core Integrity 0/400 Matter 192/300 Energy 99/100 System Corruption 0% Temperature Cool (9) Movement Core (50) Location -8/Mines Parts ------- > --- POWER (1) -------- (None) > --- PROPULSION (2) --- (None) > --- UTILITY (4) ------ Visual Processing Unit Salvage Targeting Computer > --- WEAPON (2) ------- Assault Rifle > --- INVENTORY (5) ---- Scrap Suit Splice Drone Bay Mini Grenade Launcher Peak State ------------ > --- POWER ------------ Light Nuclear Core > --- PROPULSION ------- (None) > --- UTILITY ---------- Visual Processing Unit Salvage Targeting Computer Hardened Light Armor Plating > --- WEAPON ----------- Heavy Assault Rifle Heavy Assault Rifle > --- INVENTORY -------- Scrap Suit Splice Drone Bay Assault Rifle Mini Grenade Launcher [Rating: 14] Favorites ----------- Power Ion Engine Engine Ion Engine Power Core Light Nuclear Core Propulsion Aluminum Leg Leg Aluminum Leg Utility Visual Processing Unit Processor Visual Processing Unit Protection Hardened Light Armor Plating Weapon Heavy Assault Rifle Ballistic Gun Heavy Assault Rifle Ballistic Cannon Light Cannon Launcher Grenade Launcher Build | -11 -10 -10 -9 -9 -9 -8 ------- Run | Yrd Mat Min Mat Min Exi Min Slots Evolved 2 | . . . 2 . . . Power . | . . . . . . . Propulsion . | . . . . . . . Utility 2 | . . . 2 . . . Weapon . | . . . . . . . Parts Attached 13 | 5 . . 4 3 . 1 Power 2 | 1 . . . . . 1 Engine 1 | 1 . . . . . . Core 1 | . . . . . . 1 Reactor . | . . . . . . . Propulsion 2 | 2 . . . . . . Treads . | . . . . . . . Leg 2 | 2 . . . . . . Wheel . | . . . . . . . Hover . | . . . . . . . Flight . | . . . . . . . Utility 3 | . . . 1 2 . . Device . | . . . . . . . Storage . | . . . . . . . Processor 2 | . . . 1 1 . . Hackware . | . . . . . . . Protection 1 | . . . . 1 . . Artifact . | . . . . . . . Weapon 6 | 2 . . 3 1 . . Energy Gun . | . . . . . . . Energy Cannon . | . . . . . . . Ballistic Gun 4 | 2 . . 1 1 . . Ballistic Cannon 1 | . . . 1 . . . Launcher 1 | . . . 1 . . . Special Weapon . | . . . . . . . Impact Weapon . | . . . . . . . Slashing Weapon . | . . . . . . . Piercing Weapon . | . . . . . . . Special Melee Weapon . | . . . . . . . Unidentified Prototypes . | . . . . . . . Parts Lost 8 | . . . . 4 . 4 Power 2 | . . . . 1 . 1 Propulsion 2 | . . . . 2 . . Utility 1 | . . . . . . 1 Weapon 3 | . . . . 1 . 2 Highest Loss Streak 4 | . . . . 3 . 4 To Critical Strikes . | . . . . . . . Average Backups 3 | . . 1 3 4 4 3 Power . | . . . . . . . Propulsion . | . . . . . . . Utility 1 | . . . 1 2 2 2 Weapon 1 | . . . 1 2 2 1 Tool/Special . | . . . . . . . Unused Backups 5 | . . . . 2 . 3 Power . | . . . . . . . Propulsion . | . . . . . . . Utility 3 | . . . . 1 . 2 Weapon 1 | . . . . . . 1 Tool/Special 1 | . . . . 1 . . Average Slot Usage (%) 57 | . 66 71 58 55 55 55 Engine 4 | . 14 14 11 4 . . Leg 8 | . 25 28 22 6 . . Processor 15 | . . . 3 17 22 22 Protection 6 | . . . . 6 11 7 Ballistic Gun 18 | . 25 28 11 13 22 17 Ballistic Cannon 2 | . . . 9 4 . . Launcher 1 | . . . 1 4 . . Peak Build Rating 14 | 5 5 5 9 11 11 14 Average Rating 9 | 3 4 5 6 9 11 11 On Entrance 6 | . 5 5 5 8 11 11 Avg Prop Armor Cover (%) . | . . . . . . . Naked Turns . | . . . . . . . Heaviest Build 16 | 8 8 8 11 11 11 16 Greatest Support 20 | 20 20 20 20 20 3 3 Greatest Overweight (x) 5 | . . . . 3 3 5 Average Overweight (x) 1 | . . . . 1 3 4 Largest Inventory Capacity 5 | 5 5 5 5 5 5 5 Average Capacity 5 | 5 5 5 5 5 5 5 Most Carried 5 | 5 3 2 5 5 5 5 Average Carried 4 | . . 1 3 4 5 4 Final Capacity 5 | 5 5 5 5 5 5 5 Final Carried 5 | . 1 2 5 5 5 4 Class Distribution -------------------- 97% | Mutant Dominant Class ---------------- Mutant | -10/Materials Mutant | -10/Mines Mutant | -9/Materials Mutant | -9/Mines Mutant | -9/Exiles Mutant | -8/Mines Resources | -11 -10 -10 -9 -9 -9 -8 ----------- Run | Yrd Mat Min Mat Min Exi Min Matter Collected 650 | 217 . 38 63 278 . 54 Remotely . | . . . . . . . Salvage Created 634 | . . . 261 191 . 182 Parts 48 | . . . 22 19 . 7 Haulers Intercepted 1 | . . . 1 . . . Recyclers Shooed 2 | . . . 2 . . . Parts Field Recycled . | . . . . . . . Retrieved Matter . | . . . . . . . Parts Self-Destructed . | . . . . . . . Prevented . | . . . . . . . Parts Restored . | . . . . . . . Kills | -11 -10 -10 -9 -9 -9 -8 ------- Run | Yrd Mat Min Mat Min Exi Min Combat Hostiles Destroyed 16 | . . . 5 8 . 3 Guns 7 | . . . . 4 . 3 Cannons 2 | . . . 2 . . . AOE 7 | . . . 3 4 . . Classes Destroyed 10 | . . . 7 3 . . Worker 2 | . . . . 2 . . Builder 2 | . . . 1 1 . . Tunneler 1 | . . . . 1 . . Hauler 1 | . . . 1 . . . Recycler 1 | . . . 1 . . . Watcher 1 | . . . 1 . . . Swarmer 8 | . . . 3 5 . . Grunt 5 | . . . 1 1 . 3 Duelist 1 | . . . . 1 . . Sentry 2 | . . . 1 1 . . Best Kill Streak 5 | . . . 5 5 . 1 Combat Bots Only 5 | . . . 5 3 . 1 Max Kills in Single Turn 5 | . . . 3 5 . 1 Gunslinging . | . . . . . . . Exploded 3 | . . . 3 2 . . Melee . | . . . . . . . Uniques/NPCs Destroyed . | . . . . . . . Combat | -11 -10 -10 -9 -9 -9 -8 -------- Run | Yrd Mat Min Mat Min Exi Min Hostile Shots Fired 120 | . . . 33 51 . 36 Missed 33 | . . . 11 16 . 6 Hits 87 | . . . 22 35 . 30 Projectile 87 | . . . 22 35 . 30 Critical Strikes 3 | . . . 1 1 . 1 Damage Taken 1298 | . . . 241 540 . 517 Core 402 | . . . 62 174 . 166 Absorbed by Shields . | . . . . . . . Core Remaining (%) 100 | 100 . 100 . . . . Volleys Fired 77 | 1 . 2 17 26 . 31 Largest 2 | 2 . 2 2 2 . 2 Hottest 53 | 40 . 40 50 53 . 46 Shots Fired 119 | 2 . 4 32 39 . 42 Gun 90 | 2 . 4 15 27 . 42 Cannon 21 | . . . 15 6 . . Launcher 8 | . . . 2 6 . . Special . | . . . . . . . Kinetic 111 | 2 . 4 30 33 . 42 Thermal . | . . . . . . . Explosive 8 | . . . 2 6 . . Electromagnetic . | . . . . . . . Robot Hit Streak 14 | 2 . 1 11 9 . 14 Robot Miss Streak 4 | . . 1 3 4 . 2 Penetration Max . | . . . . . . . Secondary Targets 1 | . . . . 1 . . Max Gunslinging Chain 1 | . . . . 1 . . Shots Hit Robots 83 | 2 . 2 22 27 . 30 Core Hits 43 | . . . 14 18 . 11 Critical Kills . | . . . . . . . Critical Parts Destroyed . | . . . . . . . Critical Strikes . | . . . . . . . Melee Attacks . | . . . . . . . Impact . | . . . . . . . Slashing . | . . . . . . . Piercing . | . . . . . . . Sneak Attacks . | . . . . . . . Combat Hostiles . | . . . . . . . Follow-up Attacks . | . . . . . . . Damage Inflicted 1791 | 21 . 15 542 785 . 428 Guns 925 | 21 . 15 163 298 . 428 Cannons 235 | . . . 183 52 . . Explosions 631 | . . . 196 435 . . Melee . | . . . . . . . Ramming . | . . . . . . . Kinetic 1160 | 21 . 15 346 350 . 428 Thermal . | . . . . . . . Explosive 631 | . . . 196 435 . . Electromagnetic . | . . . . . . . Impact . | . . . . . . . Slashing . | . . . . . . . Piercing . | . . . . . . . Highest Corruption . | . . . . . . . Average Corruption . | . . . . . . . Corruption Purged . | . . . . . . . Corruption Blocked . | . . . . . . . Overload Shots . | . . . . . . . Overflow Damage 20 | . . . . 20 . . Projectiles . | . . . . . . . Explosions 20 | . . . . 20 . . Melee . | . . . . . . . Knockbacks . | . . . . . . . Impact . | . . . . . . . Kinetic . | . . . . . . . Secondary . | . . . . . . . Self-Inflicted Damage 135 | . . . . 135 . . Shots 5 | . . . . 5 . . Rammed . | . . . . . . . Targets Rammed . | . . . . . . . Kicked . | . . . . . . . Crushed . | . . . . . . . Highest Temperature 31 | . . . 2 30 . 31 Average Temperature 13 | . . . 2 16 . 13 Received Heat Transfer 489 | . . . 69 120 . 300 Siege Activations . | . . . . . . . Martial Activations . | . . . . . . . Shielding Activations . | . . . . . . . Robots Disrupted . | . . . . . . . Combat Hostiles . | . . . . . . . Robots Corrupted . | . . . . . . . Combat Hostiles . | . . . . . . . Parts Fried . | . . . . . . . Impact Corruptions . | . . . . . . . Robots Melted . | . . . . . . . Combat Hostiles . | . . . . . . . Parts Melted . | . . . . . . . Heat Transferred . | . . . . . . . Parts Sabotaged . | . . . . . . . Parts Stolen . | . . . . . . . Parts Stripped . | . . . . . . . Power Chain Reactions . | . . . . . . . Alert | -11 -10 -10 -9 -9 -9 -8 ------- Run | Yrd Mat Min Mat Min Exi Min Maximum Alert Level . | . . . . . . . Low Security (%) 100 | 100 100 100 100 100 . 100 Level 1 . | . . . . . . . Level 2 . | . . . . . . . Level 3 . | . . . . . . . Level 4 . | . . . . . . . Level 5 . | . . . . . . . High Security . | . . . . . . . Max Security . | . . . . . . . Peak Influence 129 | . . . 129 128 . 110 Initial 42 | . . . . 42 . . Average 28 | . . . 27 34 . 83 Influence Increases 590 | . . . 170 257 . 163 Destroy 0b10 Robot/C 360 | . . . 100 160 . 100 Destroy 0b10 Robot/NC 40 | . . . 20 20 . . Destroy Leader 84 | . . . 34 30 . 20 Allied During Kill 19 | . . . . . . 19 Successful Hack 1 | . . . 1 . . . Disable Machine 45 | . . . 15 15 . 15 Destroy Structure 41 | . . . . 32 . 9 Influence Decreases 527 | . . . 61 366 . 100 Entered New Map 67 | . . . . 67 . . Time Decay 380 | . . . 61 259 . 60 Lost Part 80 | . . . . 40 . 40 Squads Dispatched 1 | . . . 1 . . . Investigation . | . . . . . . . Extermination . | . . . . . . . Reinforcement 1 | . . . 1 . . . Assault . | . . . . . . . Garrison . | . . . . . . . Intercept . | . . . . . . . Searches Triggered . | . . . . . . . Construction Impeded . | . . . . . . . Haulers Reinforced . | . . . . . . . Active Scanning Responses . | . . . . . . . Cargo Convoy Interrupts . | . . . . . . . Stealth | -11 -10 -10 -9 -9 -9 -8 --------- Run | Yrd Mat Min Mat Min Exi Min Distress Signals 2 | . . . 2 . . . Communications Jammed . | . . . . . . . Distress Signals . | . . . . . . . Times Spotted 27 | . . . 12 9 . 6 Peak Tracking Total 7 | . . . 7 3 . 3 Tactical Retreats . | . . . . . . . Traps | -11 -10 -10 -9 -9 -9 -8 ------- Run | Yrd Mat Min Mat Min Exi Min Traps Triggered 1 | . 1 . . . . . Indirectly . | . . . . . . . Trap Hack Attempts . | . . . . . . . Triggered . | . . . . . . . Disarmed . | . . . . . . . Reprogrammed . | . . . . . . . Reused . | . . . . . . . Traps Extracted . | . . . . . . . Installed . | . . . . . . . Triggered . | . . . . . . . Machines | -11 -10 -10 -9 -9 -9 -8 ---------- Run | Yrd Mat Min Mat Min Exi Min Machines Disabled 3 | . . . 1 1 . 1 Max in Single Turn 1 | . . . 1 1 . . Machines Repaired . | . . . . . . . Machines Dismantled . | . . . . . . . Machines Sabotaged . | . . . . . . . Overloaded Fab Kills . | . . . . . . . Hacking | -11 -10 -10 -9 -9 -9 -8 --------- Run | Yrd Mat Min Mat Min Exi Min Machines Accessed 2 | . . 1 1 . . . Terminals 1 | . . . 1 . . . Fabricators . | . . . . . . . Repair Stations . | . . . . . . . Recycling Units . | . . . . . . . Scanalyzers . | . . . . . . . Garrison Access . | . . . . . . . Total Hacks 3 | . . 1 2 . . . Successful 3 | . . 1 2 . . . Failed . | . . . . . . . Catastrophic . | . . . . . . . Database Lockouts . | . . . . . . . Manual . | . . . . . . . Terminals 2 | . . . 2 . . . Fabricators . | . . . . . . . Repair Stations . | . . . . . . . Recycling Units . | . . . . . . . Scanalyzers . | . . . . . . . Garrison Access . | . . . . . . . Terminal Hacks 3 | . . 1 2 . . . Record 2 | . . . 2 . . . Open Door 1 | . . 1 . . . . Fabricator Hacks . | . . . . . . . Repair Station Hacks . | . . . . . . . Recycling Unit Hacks . | . . . . . . . Scanalyzer . | . . . . . . . Garrison Access Hacks . | . . . . . . . Unauthorized Hacks . | . . . . . . . Terminals . | . . . . . . . Fabricators . | . . . . . . . Repair Stations . | . . . . . . . Recycling Units . | . . . . . . . Scanalyzers . | . . . . . . . Garrison Access . | . . . . . . . Data Cores Recovered . | . . . . . . . Used . | . . . . . . . Hacking Detections . | . . . . . . . Full Trace Events . | . . . . . . . Feedback Events . | . . . . . . . Feedback Blocked . | . . . . . . . Robot Schematics Acquired . | . . . . . . . Robots Built . | . . . . . . . Authchips . | . . . . . . . Time . | . . . . . . . Total Robot Build Rating . | . . . . . . . Part Schematics Acquired . | . . . . . . . Parts Built . | . . . . . . . Authchips . | . . . . . . . Time . | . . . . . . . Total Part Build Rating . | . . . . . . . Part Studies Acquired . | . . . . . . . Parts Repaired . | . . . . . . . Time . | . . . . . . . Parts Recycled . | . . . . . . . Recycled Matter . | . . . . . . . Retrieved Matter . | . . . . . . . Retrieved Components . | . . . . . . . Parts Scanalyzed . | . . . . . . . Part Schematics Acquired . | . . . . . . . Parts Damaged . | . . . . . . . Bothacking | -11 -10 -10 -9 -9 -9 -8 ------------ Run | Yrd Mat Min Mat Min Exi Min Used RIF Installer . | . . . . . . . Robots Hacked . | . . . . . . . Non-combat . | . . . . . . . Combat . | . . . . . . . Robot Hacks Applied . | . . . . . . . Relay Couplers Released . | . . . . . . . Fabnet Peak Effective % . | . . . . . . . Robots Rewired . | . . . . . . . Allies Hacked . | . . . . . . . Hacks Repelled . | . . . . . . . Allies | -11 -10 -10 -9 -9 -9 -8 -------- Run | Yrd Mat Min Mat Min Exi Min Total Allies 4 | . . . . 4 . . Largest Group 4 | . . . . 4 3 3 Highest-Rated Group 71 | . . . . 71 40 40 Highest-Rated Ally 31 | . . . . 31 16 16 Total Orders . | . . . . . . . Ally Attacks 16 | . . . . . . 16 Total Damage 315 | . . . . . . 315 Kills 2 | . . . . . . 2 Allies Corrupted . | . . . . . . . Allies Melted . | . . . . . . . Intel | -11 -10 -10 -9 -9 -9 -8 ------- Run | Yrd Mat Min Mat Min Exi Min Active Infowar (turns) 1779 | . . . 64 800 789 126 Optics 1779 | . . . 64 800 789 126 Robot Analysis Total . | . . . . . . . Derelict Logs Recovered 3 | . . 2 . 1 . . Drone Launches . | . . . . . . . Drone Recoveries . | . . . . . . . Exploration | -11 -10 -10 -9 -9 -9 -8 ------------- Run | Yrd Mat Min Mat Min Exi Min Turns Passed 2314 | 52 53 269 225 800 789 126 Spaces Moved 1261 | 43 41 219 139 405 394 20 Core 653 | 16 . . . 223 394 20 Treads . | . . . . . . . Legs 608 | 27 41 219 139 182 . . Wheels . | . . . . . . . Hover . | . . . . . . . Flight . | . . . . . . . Fastest Speed 50 | 50 120 120 120 50 200 200 Average Speed 163 | 93 120 120 120 174 200 260 Slowest Speed 300 | 120 120 120 120 200 200 300 Overloaded Moves . | . . . . . . . Propulsion Burnouts . | . . . . . . . Robots Hopped . | . . . . . . . Potential Cave-ins . | . . . . . . . Cave-ins Triggered . | . . . . . . . Exploration Rate (%) 38 | 3 20 60 19 72 80 13 Regions Visited 6 Branch Regions 4 Pre-discovered Areas 1 | . . 1 . . . . Known Exits Taken . | . . . . . . . Unknown Exits Taken 6 | 1 1 1 1 1 1 . Scrap Searched 2 | . . 1 . 1 . . Spaces Dug . | . . . . . . . Terrain Destroyed 41 | . . . . 41 . . Melee . | . . . . . . . Projectile . | . . . . . . . AOE 41 | . . . . 41 . . Terrain Rammed . | . . . . . . . Walls Destroyed . | . . . . . . . Machines Disabled . | . . . . . . . Actions | -11 -10 -10 -9 -9 -9 -8 --------- Run | Yrd Mat Min Mat Min Exi Min Total 1393 | 53 45 221 164 461 396 53 Wait 26 | . . . 1 22 3 . Move 1255 | 42 40 218 138 404 393 20 Hop . | . . . . . . . Pick Up 14 | 5 3 1 3 2 . . Fast Attach 5 | . . . 1 3 . 1 Attach 8 | 5 2 . . . . 1 Detach . | . . . . . . . Swap 4 | . . . 3 1 . . Drop 4 | . . . 1 3 . . Fire 77 | 1 . 2 17 26 . 31 Melee . | . . . . . . . Ram . | . . . . . . . Kick . | . . . . . . . Crush . | . . . . . . . Escape Stasis . | . . . . . . . Rewire . | . . . . . . . Trap . | . . . . . . . Miscellaneous . | . . . . . . . Route ------- -11/Scrapyard -10/Materials -10/Mines -9/Materials -9/Mines (discovered 3 exits: [*Mat x2] / [*Exi]) -9/Exiles -8/Mines History --------- Turn | Location | Event 3 | -11/Scrapyard | Discovered new exit (range 15) 53 | -11/Scrapyard | Entered Materials 96 | -10/Materials | Discovered new exit (range 6) 106 | -10/Materials | Entered Mines 273 | -10/Mines | Learned Materials emergency access door positions 312 | -10/Mines | Build established: Mutant 351 | -10/Mines | Discovered new exit (range 7) 355 | -10/Mines | Found the Drone Emporium 360 | -10/Mines | Found Prototype Device 375 | -10/Mines | Entered Materials 375 | -9/Materials | Evolved 2 slots: Utility x2 579 | -9/Materials | Discovered new exit (range 17) 600 | -9/Materials | Entered Mines 648 | -9/Mines | Discovered new exit (range 6) 924 | -9/Mines | Core integrity fell below 50% 945 | -9/Mines | Lost 3 parts (1p1n1w) 1010 | -9/Mines | Learned Materials terminal intel 1184 | -9/Mines | Escorted by a lone wolf Derelict 1313 | -9/Mines | Found a Scrap Suit stashed away for nefarious purposes 1330 | -9/Mines | Found Scrap Suit 1335 | -9/Mines | Discovered new exit (range 8) 1367 | -9/Mines | Assisted by bots powering up and referring to "LRC-V3" 1381 | -9/Mines | Deemed a non-threat by the Exiles lab entrance 1381 | -9/Mines | Discovered new exit (range 5) 1400 | -9/Mines | Entered Exiles 1400 | -9/Exiles | Found Exiles lab abandoned 1400 | -9/Exiles | Accompanied by 4 allies 1432 | -9/Exiles | Discovered new exit (range 17) 2189 | -9/Exiles | Entered Mines 2189 | -8/Mines | Accompanied by 3 allies 2299 | -8/Mines | Core integrity fell below 20% 2315 | -8/Mines | Destroyed by G-47 Trooper with Particle Gun Last Messages --------------- Plasma Injector explodes. Destroyed Imp. Heat Sink. G-47 Trooper destroyed. Destroyed Lgt. Angular Momentum Engine. G-50 Soldier destroyed. G-47 Trooper destroyed. Acquired 44 matter. Acquired 10 matter. Acquired Lgt. Nuclear Core. U-05 Engineer builds a Wall. G-50 Soldier destroyed. K-01 Serf collects debris. Hvy. Assault Rifle destroyed. Critical hit (Burn: +37). Hrd. Light Armor Plating destroyed. R-06 Scavenger collects Hvy. Laser. Hvy. Assault Rifle destroyed. G-47 Trooper destroyed. R-06 Scavenger collects Imp. Heat Sink. Lgt. Nuclear Core destroyed. Map ----- +----------------------------------------------------+ | ????????????????????????????????????????????? | | ????????????????????????????????????????????? | | ????????????????????????????????????????????? | | ????????????????????????????????????????????? | | ????????????????????????????????????????????? | | ????????????????????????????????????????????? | | ????????????????????????????????????????????? | | ????????????????????????????????????????????? | | ????????????????????????????????????????????? | | ????????????????????????????????????????????? | | ????????????????????????????????????????????? | | ????????????????????????????????????????????? | | ????????????????????????????????????????????? | | ????????????????????????????????????????????? | | ????????????????????????????????????????????? | | ????????????????????????????????????????????? | | ????????????????????????????????????????????? | | ????????????????????????????????????????????? | | ????????????????????????????????????????????? | | ????????????????????????????????????????????? | | ????????????????????????????????????????????? | | ????????????????????????????????????????????? | | ????????????????????????????????????????????? | | ????????????# ??????????????????????????????? | | ???????????## *######????????????????????? | | ???????# =g@g #????????????????????? | | ??????# [####g#????????????????????? | | ?????# ???????# #????????????????????? | | ?????# ???????????# #?####???????????????? | | ?????#??????????????## ### ##??????????????? | | ???????????????????## #????######????? | | ???????????????????# #???? ?????? | | ???????????????????# #???? ??????? | | ??????????????????## #???? #???????? | | ??????????????????# ###### #???????? | | ??????????????????# ##"""""" #???????? | | ??????????????????## ###% % #???????? | | ???????????????????#### ##"= ## #????? | | ??????????????????????# ### [ #????? | | ??????????????????????# #?# ####????? | | ??????????????????????# ##" #???????? | | ??????????????????????# #???????? | | ??????????????????????# #???????? | | ??????????????????????##### #???????? | | ??????????????????????????###########???????? | | ????????????????????????????????????????????? | | ????????????????????????????????????????????? | | ????????????????????????????????????????????? | | ????????????????????????????????????????????? | | ????????????????????????????????????????????? | +----------------------------------------------------+ Best States ------------- Heat Dissipation 28 Energy Generation 14 Energy Capacity 250 Matter Stores 300 Matter Capacity 300 Sight Range 18 Terrain Scan Density 10 Armor Coverage 150 Evasion (%) 55 Salvage Targeting 1 Item Schematics ----------------- None Robot Schematics ------------------ None Fabricated ------------ Nothing Repaired ---------- Nothing Studied --------- None Alien Tech Used ----------------- None Achievements -------------- None Challenges ------------ None Game ------ Seed JammingCoilDriveblaster Manual? 0 Play Time 00:08:30 Cumulative 269.3 hours Start 2026.04.18 @ 08:29:30 End 2026.04.18 @ 10:00:59 Sessions 1 Manual Loads 0 Difficulty Rogue Special Mode None Game No. 707 Rogue 705 Adventurer 2 Explorer 0 Win Type - Total 0 Types 0/0/0/0/0/0/0/0/0/0 Lore% 67 Gallery% 64 Achievement% 44 Wizard Run 0 Options --------- Layout 2 ASCII 0 Keyboard 0 Movement Mouse Keybinds 0 Fullscreen 1 Font 24/Smallcaps Map View 50x44 Zoom Use 0% Tactical HUD 0 Map Filters NONE Filters NONE Steam 1 RUN: 1ef05f75-4eb2-4ad4-a180-43e30ca5b2b7